 Dungeon Crawl Stone Soup version 0.20.0 (webtiles) character file.

38883 Chish the Severer (level 13, -19/125 HPs)
             Began as a Minotaur Fighter on May 25, 2017.
             Was the Champion of Okawaru.
             Demolished by a catoblepas (38 damage)
             ... on level 6 of the Lair of Beasts.
             The game lasted 00:26:48 (14430 turns).

Chish the Severer (Minotaur Fighter)               Turns: 14430, Time: 00:26:49

Health: -19/125    AC: 21    Str: 25    XL:     13   Next: 66%
Magic:  0/12       EV: 10    Int:  5    God:    Okawaru [******]
Gold:   591        SH:  0    Dex: 11    Spells: 8/12 levels left

rFire    + + .     SeeInvis +   a - +6 broad axe (flame)
rCold    + . .     Gourm    .   F - +1 buckler {rC+ rF+}
rNeg     . . .     Faith    .   u - +2 chain mail {rF+}
rPois    .         Spirit   +   e - +2 hat {SInv}
rElec    .         Reflect  .   s - scarf {Spirit}
rCorr    +         Harm     .   q - +0 pair of gloves
MR       +....                  Q - +1 pair of boots {run}
Stlth    ..........             (no amulet)
Regen    0.3/turn               H - ring of protection from magic
MPRegen  0.2/turn               J - ring of resist corrosion

@: about to teleport, sleeping, studying Unarmed Combat, quick
A: retaliatory headbutt, horns 2
a: Heroism, Finesse, Renounce Religion


You were on level 6 of the Lair of Beasts.
You worshipped Okawaru.
Okawaru was exalted by your worship.
You were not hungry.

You visited 3 branches of the dungeon, and saw 17 of its levels.

You collected 843 gold pieces.
You spent 252 gold pieces at shops.

Inventory:

Hand Weapons
 a - a +6 broad axe of flaming (weapon)
 b - the +6 war axe of Hubris {chaos, MR+ SInv}
   (You found it on level 2 of the Lair of Beasts)

   Each time it hits an enemy it has a different, random effect.
   It affects your resistance to hostile enchantments.
   It lets you see invisible.
 c - the +3 battleaxe "Giwn" {pain, Int+5}
   (Okawaru gifted it to you on level 2 of the Lair of Beasts)

   In the hands of one skilled in necromantic magic, it inflicts extra damage on
   living creatures.
   It affects your intelligence (+5).
 M - a +4 antimagic battleaxe
Armour
 e - a +2 hat of see invisible (worn)
 q - a +0 pair of gloves (worn)
 s - a scarf of spirit shield (worn)
 u - a +2 chain mail of fire resistance (worn)
 F - a +1 buckler of resistance (worn)
 Q - a +1 pair of boots of running (worn)
Jewellery
 H - a ring of protection from magic (left hand)
 J - a ring of resist corrosion (right hand)
Wands
 l - a wand of enslavement (14/24)
 y - a wand of iceblast (4/15)
 S - a wand of lightning (10/15)
 V - a wand of lightning (4/15)
 W - a wand of flame (35/48)
 Z - a wand of disintegration (12/24)
Scrolls
 i - 6 scrolls of teleportation
 o - a scroll of blinking {unknown}
 p - 3 scrolls of recharging
 x - a scroll of silence
 z - 8 scrolls of remove curse
 A - 2 scrolls of immolation
 I - 2 scrolls of fear
 L - a scroll of enchant armour {unknown}
 O - a scroll of brand weapon {unknown}
 P - 3 scrolls of magic mapping
Potions
 d - 2 potions of mutation {!q}
 j - 4 potions of heal wounds
 k - 3 potions of haste
 n - 2 potions of cancellation
 t - 3 potions of invisibility
 w - 8 potions of curing
 B - a potion of agility
 C - 2 potions of resistance
 D - 4 potions of lignification
 E - 2 potions of ambrosia
 N - 3 potions of berserk rage
 T - 2 potions of flight
 U - a potion of degeneration {unknown}
 Y - a potion of brilliance
Books
 h - a book of Cantrips

   Spells                             Type                      Level
   a - Confusing Touch                Hexes                        1
   b - Animate Skeleton               Necromancy                   1
   c - Summon Small Mammal            Summoning                    1
   d - Apportation                    Translocation                1
 r - a book of Debilitation

   Spells                             Type                      Level
   a - Corona                         Hexes                        1
   b - Slow                           Hexes                        2
   c - Inner Flame                    Hexes/Fire                   3
   d - Portal Projectile              Hexes/Translocation          3
   e - Cause Fear                     Hexes                        4
   f - Leda's Liquefaction            Hexes/Earth                  4
 v - a manual of Unarmed Combat
 G - a book of Summonings

   Spells                             Type                      Level
   a - Recall                         Summoning/Translocation      3
   b - Aura of Abjuration             Summoning                    5
   c - Summon Demon                   Summoning                    5
   d - Summon Forest                  Summoning/Translocation      5
   e - Summon Mana Viper              Hexes/Summoning              5
   f - Shadow Creatures               Summoning                    6
Miscellaneous
 R - a fan of gales
Comestibles
 f - 14 bread rations
 g - 16 fruits
 m - 11 meat rations
 K - 2 chunks of flesh
 X - 2 royal jellies


   Skills:
 * Level 14.4 Fighting
 + Level 18.1 Axes
 * Level 14.0 Armour
 + Level 3.8 Dodging
 + Level 4.2 Shields


You had 8 spell levels left.
You knew the following spells:

 Your Spells              Type           Power        Failure   Level  Hunger
a - Regeneration          Chrm/Necr      #.........   100%        3    ####...
b - Apportation           Tloc           #.....       91%         1    ##.....


Dungeon Overview and Level Annotations

Branches:
Dungeon (10/15)            Temple (1/1) D:4            Lair (6/6) D:10
 Shoals (0/4) Lair:2       Spider (0/4) Lair:2        Slime (0/5) Lair:5
    Orc (0/2) D:9

Altars:
Ashenzari
Cheibriados
Dithmenos
Elyvilon
Fedhas
Gozag
Hepliaklqana
Kikubaaqudgha
Makhleb
Nemelex Xobeh
Okawaru
Qazlal
Ru
Sif Muna
Trog
Uskayaw
Vehumet
Xom
Yredelemnul
Zin
The Shining One
Jiyva

Shops:
D:6 *

Annotations:
Lair:6 2 exclusions


Innate Abilities, Weirdness & Mutations

You reflexively headbutt those who attack you in melee.
You have a pair of horns on your head.


Message History

The blast of calcifying dust hits you!
The dream sheep ruffle their wool and motes of dream dust sparkle, to no effect.
A dream sheep comes into view.
The yak is engulfed in calcifying dust.
The yak is moving more slowly.
The yak is engulfed in calcifying dust.
The yak is moving more slowly.
The dream sheep ruffle their wool and motes of dream dust sparkle, to no effect.
Unknown command.
As you read the scroll of teleportation, it crumbles to dust.
You feel strangely unstable.
The dream sheep shake their wool and sparkle.
You feel drowsy...
You fall asleep.
The yak is engulfed in calcifying dust.
The yak stops moving altogether!
The yak is engulfed in calcifying dust.
The yak is moving more slowly.
The yak gores the plant but does no damage.
The dream sheep bites you but does no damage.
The yak is engulfed in calcifying dust.
The yak gores the plant but does no damage.
The yak is engulfed in calcifying dust.
The yak stops moving altogether!
The yak is engulfed in calcifying dust.
The catoblepas gores you!!!
You die... .......# ♣♣ P....#..# ♣≈≈≈ .Y ........ .≈♣♣ .YY

..Y... ♣.≈♣ ...##..#.##
♣♣≈.♣ #.#....#.###♣♣≈..♣♣
..##....YY§§.#P≈≈)P.###
.....F..YY@...........##
..#....YY##...P.../..P#
...#.#.YP.PP..........#
#....†............###
...[#....††≈≈≈≈≈......#
PP....P..≈≈≈≈≈≈≈≈...#####
.#.##P..≈≈≈≈≈≈≈≈≈..###.#
... ##≈≈≈≈≈≈.≈≈≈≈.###.##
... #.≈≈≈≈†<.≈≈≈≈..†.P#


You could see a catoblepas, 4 yaks and 3 dream sheep.

Vanquished Creatures
  Gastronok (D:8)
  Nessos (Lair:4)
  Fannar (Lair:3)
  5 hydras
  4 two-headed ogres
  Erica (Lair:1)
  3 death yaks (D:10)
  Pikel (D:8)
  10 elephants
  5 black mambas
  A gargoyle (D:9)
  Psyche (D:8)
  3 spiny frogs
  5 komodo dragons
  A demonic crawler (Lair:2)
  4 rime drakes
  4 hippogriffs
  15 blink frogs
  52 yaks
  A basilisk (Lair:6)
  A spriggan (D:9)
  A wyvern (Lair:3)
  A hungry ghost (D:9)
  An acid dragon (Lair:6)
  8 porcupines
  3 slaves
  8 water moccasins
  A black bear (D:6)
  A swamp drake (Lair:6)
  A phantom (D:9)
  4 sky beasts
  3 ogres
  4 centaurs
  3 crocodiles
  A big kobold (D:6)
  7 bullfrogs
  5 scorpions
  18 killer bees
  3 electric eels (D:10)
  5 howler monkeys
  3 crimson imps
  9 jellies
  An orc priest (D:3)
  2 bullfrog skeletons
  A gnoll shaman (D:10)
  4 hounds
  6 orc wizards
  A centaur skeleton (D:7)
  3 iguanas
  9 worker ants
  A killer bee zombie (D:6)
  A hound skeleton (D:7)
  3 worker ant zombies
  12 gnolls
  12 adders
  2 shadow imps
  12 oozes
  2 adder zombies
  An adder skeleton (D:5)
  A worm (D:6)
  11 dart slugs
  2 leopard geckos
  20 orcs
  13 bats
  9 giant cockroaches
  7 goblins
  7 hobgoblins
  3 jackals (D:1)
  23 kobolds
  7 quokkas
  A ball python (D:2)
  5 frilled lizards
  13 rats
  4 fungi
  4 plants
413 creatures vanquished.

Vanquished Creatures (others)
  A scorpion (D:8)
  A bullfrog zombie (D:8)
  8 fungi
  A plant (Lair:2)
  13 toadstools (D:2)
24 creatures vanquished.

Grand Total: 437 creatures vanquished

Notes
Turn   | Place    | Note
-------+----------+-------------------------------------------
     0 | D:1      | Chish the Minotaur Fighter began the quest for the Orb.
     0 | D:1      | Reached XP level 1. HP: 19/19 MP: 0/0
   174 | D:1      | Reached skill level 3 in Axes
   181 | D:1      | Reached XP level 2. HP: 21/27 MP: 1/1
   745 | D:2      | Reached XP level 3. HP: 32/33 MP: 2/2
   756 | D:2      | Reached skill level 4 in Axes
   800 | D:2      | Reached skill level 5 in Axes
   800 | D:2      | Reached XP level 4. HP: 15/40 MP: 3/3
  1062 | D:2      | Reached XP level 5. HP: 6/47 MP: 4/4
  1627 | D:2      | Found an ancient bone altar of Kikubaaqudgha.
  1669 | D:2      | Found a faded altar of an unknown god.
  1928 | D:2      | Reached skill level 6 in Axes
  2401 | D:2      | Reached skill level 5 in Fighting
  2692 | D:3      | Reached XP level 6. HP: 54/56 MP: 5/5
  3132 | D:3      | Found a deep blue altar of Sif Muna.
  3421 | D:4      | Reached skill level 7 in Axes
  3632 | D:4      | Found a staircase to the Ecumenical Temple.
  3638 | Temple   | Entered the Ecumenical Temple
  3697 | Temple   | Became a worshipper of Warmaster Okawaru
  3788 | D:5      | Entered Level 5 of the Dungeon
  3859 | D:5      | Found an opulent altar of Gozag.
  3897 | D:5      | Found a blossoming altar of Fedhas.
  3898 | D:5      | Found a bloodstained altar of Trog.
  3906 | D:5      | Found a hazy altar of Hepliaklqana.
  3906 | D:5      | Found a hide-covered altar of Uskayaw.
  3941 | D:5      | Reached XP level 7. HP: 60/62 MP: 6/6
  4090 | D:5      | Found a sparkling altar of Nemelex Xobeh.
  4212 | D:5      | Reached skill level 8 in Axes
  4212 | D:5      | Reached skill level 5 in Armour
  4467 | D:6      | Reached * piety under Okawaru
  4617 | D:6      | Reached XP level 8. HP: 66/71 MP: 7/7
  4651 | D:6      | Reached skill level 9 in Axes
  4807 | D:6      | Found Xydin's Assorted Antiques.
  4812 | D:6      | Bought a scroll labeled RYFREF OXOY for 28 gold pieces
  4812 | D:6      | Bought a twisted silver ring for 140 gold pieces
  4812 | D:6      | Bought a scroll labeled HUFFUAMISE for 28 gold pieces
  4812 | D:6      | Bought a scroll labeled TARIAQ UPHAC for 28 gold pieces
  5368 | D:7      | Reached skill level 10 in Axes
  5451 | D:7      | Reached ** piety under Okawaru
  5464 | D:6      | Bought a scroll labeled ADAW COCZUGORO for 28 gold pieces
  5927 | D:7      | Found a snail-covered altar of Cheibriados.
  5927 | D:7      | Found a glowing golden altar of the Shining One.
  6055 | D:8      | Noticed Psyche
  6061 | D:8      | Noticed a two-headed ogre
  6065 | D:8      | Killed Psyche
  6065 | D:8      | Reached XP level 9. HP: 78/81 MP: 4/8
  6069 | D:8      | Killed a two-headed ogre
  6069 | D:8      | Reached *** piety under Okawaru
  6069 | D:8      | Reached skill level 11 in Axes
  6137 | D:8      | Noticed Pikel
  6187 | D:8      | Killed Pikel
  6187 | D:8      | Reached skill level 12 in Axes
  6201 | D:8      | Noticed Gastronok
  6231 | D:8      | Killed Gastronok
  6231 | D:8      | Reached **** piety under Okawaru
  6231 | D:8      | Received a gift from Okawaru
  6231 | D:8      | Reached skill level 13 in Axes
  6231 | D:8      | Reached XP level 10. HP: 30/93 MP: 2/9
  6632 | D:8      | Reached ***** piety under Okawaru
  6632 | D:8      | Reached skill level 10 in Fighting
  7179 | D:9      | Received a gift from Okawaru
  7284 | D:9      | Noticed a two-headed ogre
  7302 | D:9      | Killed a two-headed ogre
  7379 | D:9      | Noticed a gargoyle
  7384 | D:9      | Killed a gargoyle
  7384 | D:9      | Reached skill level 14 in Axes
  7384 | D:9      | Reached skill level 10 in Armour
  7519 | D:9      | Received a gift from Okawaru
  7533 | D:9      | Identified a +1 pair of boots of running (Okawaru gifted it to you on level 9 of the Dungeon)
  7559 | D:9      | Noticed a two-headed ogre
  7564 | D:9      | Killed a two-headed ogre
  7564 | D:9      | Reached XP level 11. HP: 101/101 MP: 10/10
  7739 | D:9      | Found a staircase to the Orcish Mines.
  7744 | D:9      | Learned a level 3 spell: Regeneration
  7913 | D:10     | Entered Level 10 of the Dungeon
  8463 | D:10     | Noticed a death yak
  8528 | D:10     | Noticed a death yak
  8548 | D:10     | Killed a death yak
  8587 | D:10     | Noticed a death yak
  8590 | D:10     | Killed a death yak
  8601 | D:10     | Killed a death yak
  8607 | D:10     | Reached skill level 15 in Axes
  8617 | D:10     | Found a staircase to the Lair.
  8659 | D:10     | Noticed a two-headed ogre
  8673 | D:10     | Killed a two-headed ogre
  9160 | Lair:1   | Entered Level 1 of the Lair of Beasts
  9529 | Lair:1   | Received a gift from Okawaru
  9637 | Lair:1   | Reached ****** piety under Okawaru
  9637 | Lair:1   | Reached skill level 16 in Axes
  9639 | Lair:1   | Reached XP level 12. HP: 101/112 MP: 9/11
  9964 | Lair:2   | Found a staircase to the Shoals.
  9967 | Lair:2   | Noticed Erica
  9968 | Lair:2   | Found a hole to the Spider Nest.
  9975 | Lair:2   | Received a gift from Okawaru
  9976 | Lair:2   | Got an ebony battleaxe {god gift}
  9984 | Lair:1   | Killed Erica
  9999 | Lair:1   | Identified the +3 battleaxe "Giwn" {pain, Int+5} (Okawaru gifted it to you on level 2 of the Lair of Beasts)
 10488 | Lair:2   | Received a gift from Okawaru
 10563 | Lair:2   | Learned a level 1 spell: Apportation
 10572 | Lair:2   | Noticed a five-headed hydra
 10582 | Lair:2   | Killed a one-headed hydra
 10586 | Lair:2   | Reached skill level 17 in Axes
 10941 | Lair:2   | Got a smoking war axe
 10942 | Lair:2   | Identified the +6 war axe of Hubris {chaos, MR+ SInv} (You found it on level 2 of the Lair of Beasts)
 11324 | Lair:3   | Noticed a six-headed hydra
 11350 | Lair:3   | Noticed Fannar
 11527 | Lair:3   | Killed Fannar
 11628 | Lair:3   | Killed a one-headed hydra
 12044 | Lair:3   | Reached XP level 13. HP: 122/122 MP: 12/12
 12048 | Lair:3   | Reached skill level 1 in Dodging
 12109 | Lair:3   | Received a gift from Okawaru
 12599 | Lair:4   | Noticed Nessos
 12611 | Lair:4   | Killed Nessos
 13555 | Lair:5   | Reached skill level 18 in Axes
 13747 | Lair:5   | Received a gift from Okawaru
 13912 | Lair:5   | Found a runed door.
 13917 | Lair:5   | Found a viscous altar of Jiyva.
 13917 | Lair:5   | Found a staircase to the Slime Pits.
 14225 | Lair:6   | Entered Level 6 of the Lair of Beasts
 14430 | Lair:6   | Demolished by a catoblepas

Skill      XL: |  1  2  3  4  5  6  7  8  9 10 11 12 13 |
---------------+----------------------------------------+-----
Axes           | 3 5 6 7 8 10 13 14 16 17 18 | 18.1
Fighting       | 4 5 6 8 9 10 12 13 14 | 14.4
Armour         | 4 5 7 9 10 11 13 14 | 14.0
Dodging        | 3 |  3.8
Shields        | 4 |  4.2

Action                   |  1- 3 |  4- 6 |  7- 9 | 10-12 | 13-15 || total
-------------------------+-------+-------+-------+-------+-------++-------
Melee: War axe           |    79 |   200 |   145 |     4 |       ||   428
       Headbutt          |    13 |    26 |    50 |    89 |    37 ||   215
       Broad axe         |       |       |    77 |   423 |   154 ||   654
Invok: Heroism           |       |       |     1 |     2 |     1 ||     4
Evoke: Wand              |       |       |     2 |    12 |       ||    14
  Use: Scroll            |       |       |    16 |     9 |     5 ||    30
       Potion            |       |       |       |     1 |       ||     1
  Eat: Chunk             |       |    10 |     8 |    13 |     7 ||    38
       Bread ration      |       |       |       |     1 |       ||     1
Armor: Scale mail        |    43 |     8 |       |       |       ||    51
       Chain mail        |       |    92 |   128 |   218 |    81 ||   519
Dodge: Dodged            |    25 |    47 |    44 |    81 |    48 ||   245
Block: Shield            |    35 |   131 |   113 |   169 |    31 ||   479
       Buckler           |       |       |       |       |    11 ||    11
